 Dungeon Crawl Stone Soup version 0.28.0-53-g5a82cb258f (webtiles) character file.

Game seed: 4873641033517945288

35198 jiml777 the Geomancer (level 13, -1/80 HPs)
             Began as a Gargoyle Earth Elementalist on June 13, 2022.
             Was an Initiate of Gozag.
             Killed by divine providence
             ... invoked by a meliai
              (12 damage)
             ... on level 3 of the Lair of Beasts.
             The game lasted 02:03:28 (21112 turns).

jiml777 the Geomancer (GrEE)                       Turns: 21112, Time: 02:03:29

Health: -1/80      AC: 21    Str: 23    XL:     13   Next: 82%
Magic:  23/27      EV: 12    Int: 27    God:    Gozag
Gold:   454        SH:  0    Dex: 10    Spells: 7/33 levels left

rFire   + . .      SeeInvis .   p - staff of fire
rCold   . . .      Faith    .   (no shield)
rNeg    + . .      Spirit   .   M - +1 robe of the Salmon {Regen+ Str-3 Int+7}
rPois   ∞          Reflect  .   v - +2 helmet
rElec   +          Harm     .   g - +0 cloak
rCorr   .          Rampage  .   k - +0 pair of gloves {infuse}
Will    .....                   j - +0 pair of boots {Fly}
Stlth   ++........              G - amulet of the acrobat
HPRegen 1.03/turn               d - ring of Hyiduyr {rPois rF+ Str+6}
MPRegen 0.20/turn               Q - ring "Ydizodoos" {Wiz rF- Str+7}

@: about to teleport, flying, hasted, very quick
A: sickness immunity, AC +9, negative energy resistance 1, electricity
resistance, torment resistance 1, petrification resistance, iridescent scales 1,
robust 1
a: Renounce Religion, Potion Petition, Call Merchant, Bribe Branch


You were on level 3 of the Lair of Beasts.
You worshipped Gozag.
Gozag was aware of your devotion.
You visited 3 branches of the dungeon, and saw 15 of its levels.
You also visited: Sewer.

You collected 4051 gold pieces.
You spent 2472 gold pieces at shops.
You paid 1125 gold pieces to Gozag.

Inventory:

Missiles
 c - 165 stones
 w - 5 silver boomerangs
 C - 2 curare-tipped darts
 J - 12 poisoned darts
Armour
 g - a +0 cloak (worn)
 j - a +0 pair of boots of flying (worn)
 k - a +0 pair of gloves of infusion (worn)
 q - a +1 pair of gloves
 v - a +2 helmet (worn)
 M - the +1 robe of the Salmon (worn) {Regen+ Str-3 Int+7}
   (You found it on level 9 of the Dungeon)

   Str:       It affects your strength (-3).
   Int:       It affects your intelligence (+7).
   Regen:     It increases your rate of health regeneration.
Magical Staves
 p - a staff of fire (weapon)
Jewellery
 d - the ring of Hyiduyr (left hand) {rPois rF+ Str+6}
   (You found it on level 2 of the Dungeon)

   [ring of protection from fire]

   Str:       It affects your strength (+6).
   rF:        It protects you from fire.
   rPois:     It protects you from poison.
 s - a ring of resist corrosion
 G - an amulet of the acrobat (around neck)
 P - a ring of protection from cold
 Q - the ring "Ydizodoos" (right hand) {Wiz rF- Str+7}
   (You bought it in a shop on level 9 of the Dungeon)

   [ring of wizardry]

   It improves your spell success rate.
   Str:       It affects your strength (+7).
   rF:        It makes you vulnerable to fire.
Wands
 h - a wand of acid (8)
 D - a wand of digging (8)
 E - a wand of iceblast (23)
 I - a wand of flame (16)
Scrolls
 a - 2 scrolls of holy word
 e - a scroll of enchant weapon
 f - 2 scrolls of teleportation
 n - 2 scrolls of fog
 y - 2 scrolls of brand weapon
 A - 2 scrolls of vulnerability
 K - 7 scrolls of identify
 N - 2 scrolls of amnesia
 O - a scroll of magic mapping
Potions
 b - 4 potions of berserk rage
 i - 9 potions of curing
 m - 2 potions of cancellation
 o - a potion of invisibility
 t - 6 potions of might
 x - a potion of haste
 z - a potion of resistance
 B - 3 potions of flight
 F - 3 potions of brilliance
 L - 2 potions of magic


   Skills:
 - Level 5.4 Fighting
 - Level 7.1 Long Blades
 - Level 5.9 Staves
 - Level 4.1 Armour
 - Level 3.7 Dodging
 - Level 3.6 Stealth
 * Level 10.5 Spellcasting
 * Level 8.7 Conjurations
 * Level 4.7 Translocations
 * Level 5.4 Transmutations
 * Level 5.3 Fire Magic
 + Level 12.6 Earth Magic
 * Level 0.3 Evocations


You had 7 spell levels left.
You knew the following spells:

 Your Spells              Type           Power      Damage    Failure   Level
a - Sandblast             Erth           100%       2d20      0%          1
b - Passwall              Tmut/Erth      48%        N/A       1%          2
c - Stone Arrow           Conj/Erth      100%       3d13      1%          3
d - Petrify               Tmut/Erth      58%        N/A       1%          4
e - Blink                 Tloc           80%        N/A       1%          2
f - Fireball              Conj/Fire      34%        3d14      2%          5
g - Ignite Poison         Fire/Tmut/Pois 50%        N/A       1%          3
h - Mephitic Cloud        Conj/Pois/Air  29%        N/A       1%          3
i - Vampiric Draining     Necr           14%        2d7       4%          3

Your spell library contained the following spells:

 Spells                   Type           Power      Damage    Failure   Level
 Animate Skeleton         Necr           28%        N/A       1%          1
 Foxfire                  Conj/Fire      100%       2x1d9     1%          1
 Pain                     Necr           56%        1d6       1%          1
 Scorch                   Fire           100%       2d10      1%          2
 Conjure Flame            Conj/Fire      68%        6-21      1%          3
 Inner Flame              Hex/Fire       43%        N/A       1%          3
 Lesser Beckoning         Tloc           40%        N/A       1%          3
 Flame Wave               Conj/Fire      68%        2d13      1%          4
 Manifold Assault         Tloc           40%        N/A       6%          5
 Freezing Cloud           Conj/Ice/Air   14%        6-21      14%         5
 Summon Forest            Summ/Tloc      13%        N/A       16%         5
 Summon Mana Viper        Hex/Summ       14%        N/A       41%         5
 Summon Cactus Giant      Summ           7%         N/A       91%         6
 Ignition                 Fire           29%        3d9       100%        8


Dungeon Overview and Level Annotations

Branches:
Dungeon (10/15)            Temple (1/1) D:4            Lair (4/6) D:9
  Swamp (0/4) Lair:3       Spider (0/4) Lair:4          Orc (0/2) D:9
  Sewer (visited)

Altars:
Ashenzari
Cheibriados
Dithmenos
Elyvilon
Fedhas
Gozag
Hepliaklqana
Kikubaaqudgha
Makhleb
Nemelex Xobeh
Okawaru
Qazlal
Ru
Sif Muna
Trog
Uskayaw
Vehumet
Wu Jian
Xom
Yredelemnul
Zin
The Shining One

Shops:
D:5 [   D:6 !   D:7 *   D:9 =[


Innate Abilities, Weirdness & Mutations

You are immune to sickness and miasma.
Your stone body is resilient. (AC +9)
You are immune to poison.
You resist negative energy. (rN+)
You are resistant to electric shocks. (rElec)
You are resistant to unholy torment.
You are immune to petrification.
You are partially covered in iridescent scales. (AC +2)
You are robust. (+10% HP)


Message History

The meliai invokes the aid of its god against you.
Something smites you!
* * * LOW HITPOINT WARNING * * *
The meliai hits the fungus with a +0 hand axe!
The meliai stings the fungus.
The killer bee stings you.
* * * LOW HITPOINT WARNING * * *
The meliai invokes the aid of its god against you.
Something smites you!
* * * LOW HITPOINT WARNING * * *
Casting: Sandblast (safe; 0% risk of failure)
Confirm with . or Enter, or press ? or * to list all spells.
Aiming: Stone Arrow (safe; 1% risk of failure)
Press: ? - help, Shift-Dir - straight line, f - killer bee
Aim: a killer bee (55% to hit)
The stone arrow hits the killer bee!
The killer bee is almost dead.
The killer bee barely misses you.
The killer bee stings you but does no damage.
The killer bee misses you.
The killer bee stings you but does no damage.
The killer bee barely misses you.
Casting: Stone Arrow (safe; 1% risk of failure)
Confirm with . or Enter, or press ? or * to list all spells.
You don't know that spell.
Casting: Stone Arrow (safe; 1% risk of failure)
Confirm with . or Enter, or press ? or * to list all spells.
You blink.
As you read the scroll of teleportation, it crumbles to dust.
You feel strangely unstable.
You feel stable enough to blink again.
The meliai invokes the aid of its god against you.
Something smites you!
* * * LOW HITPOINT WARNING * * *
Unknown command.
You feel better.
The meliai mumbles some strange prayers to its god against you.
Something smites you!
You die...
Your body crumbles into a pile of gold.

...≈≈≈≈≈≈≈≈.....P................
..≈≈≈≈≈≈≈≈≈......................
..≈≈≈...≈≈≈......................
..≈≈≈≈<≈≈≈≈.....###........###+#.
..≈≈≈≈.≈≈≈≈≈....##.........##P.#.
..≈≈≈≈≈≈≈≈≈≈....##....P..§.##..#'
...≈≈≈≈≈≈≈≈......#.........#.#...
.P.≈≈≈≈≈≈........yy........###...
.##.≈...........@#..y.......##...
.........##.....#..........#.....
[.#......##.....P..........##....
.#.......##............##..######
...###.####.....#.#..#.#P..######
.######.##.......#.###.##...#...#
.................................
.................................
.................................


You could see a meliai and a killer bee.

Vanquished Creatures
  A hydra (D:7)
  A catoblepas (Lair:2)
  9 death yaks
  A two-headed ogre (D:7)
  2 bog bodies (Lair:3)
  A cyclops (D:9)
  2 wolf spiders (Lair:1)
  11 elephants
  Joseph (D:10)
  A black mamba (Lair:2)
  9 cane toads
  A gargoyle (D:7)
  Maggie (D:8)
  2 rime drakes (Lair:2)
  9 komodo dragons
  A troll (D:7)
  8 blink frogs
  A polar bear (Lair:1)
  Sigmund (D:4)
  2 shadows
  39 yaks
  3 wyverns (D:9)
  A basilisk (Lair:1)
  Menkaure (D:4)
  A vampire mosquito (D:7)
  12 water moccasins
  A sky beast (D:8)
  2 orc warriors
  A black bear (D:5)
  3 ice beasts
  A necrophage (D:7)
  14 wolves
  3 ogres
  6 centaurs
  5 phantoms
  A kobold brigand (D:8)
  2 bullfrogs
  3 scorpions
  A water moccasin zombie (D:5)
  2 wyvern skeletons (D:7)
  4 killer bees (D:7)
  2 troll zombies (D:9)
  3 wights (D:7)
  A howler monkey (D:5)
  3 centaur skeletons
  3 centaur zombies
  A jelly (D:7)
  3 hounds
  7 orc priests
  Crazy Yiuf (D:4)
  A bullfrog skeleton (D:5)
  17 iguanas
  8 orc wizards
  Natasha (thrice) (D:4)
  A polar bear simulacrum (Lair:1)
  A hell rat (Sewer)
  A killer bee zombie (D:7)
  6 ogre zombies (D:9)
  Robin (D:4)
  3 adders
  3 river rats (Sewer)
  A shadow imp (D:7)
  A white imp (D:8)
  2 ufetubi
  2 adder skeletons
  5 worms
  A dart slug (D:3)
  34 orcs
  5 bats
  9 endoplasms
  6 giant cockroaches
  11 hobgoblins
  7 jackals (D:1)
  7 quokkas
  11 ball pythons
  22 frilled lizards
  10 goblins
  A goblin skeleton (D:9)
  6 goblin zombies (D:9)
  A hobgoblin skeleton (D:9)
  A hobgoblin zombie (D:9)
  10 kobolds
  3 orc skeletons (D:9)
  13 orc zombies (D:9)
  12 rats
421 creatures vanquished.

Vanquished Creatures (others)
  2 bushes (Lair:2)
  19 fungi
  55 plants
76 creatures vanquished.

Grand Total: 497 creatures vanquished

Notes
Turn   | Place    | Note
-------+----------+-------------------------------------------
     0 | D:1      | jiml777 the Gargoyle Earth Elementalist began the quest for
                  | the Orb.
     0 | D:1      | Reached XP level 1. HP: 10/10 MP: 3/3
   254 | D:1      | Reached XP level 2. HP: 15/15 MP: 3/5
   256 | D:1      | Reached skill level 4 in Earth Magic
   503 | D:1      | Found a faded altar of an unknown god.
   956 | D:2      | Reached XP level 3. HP: 19/19 MP: 3/6
  1389 | D:2      | Gained mutation: You are partially covered in iridescent
                  | scales. (AC +2) [potion of mutation]
  1389 | D:2      | Gained mutation: You are robust. (+10% HP) [potion of
                  | mutation]
  1489 | D:2      | Identified the ring of Hyiduyr {rPois rF+ Str+6}
  1893 | D:3      | Reached XP level 4. HP: 20/26 MP: 8/8
  2356 | D:3      | Reached skill level 1 in Long Blades
  2603 | D:3      | Found an opulent altar of Gozag.
  2608 | D:3      | Became a worshipper of Gozag Ym Sagoz the Greedy
  2791 | D:4      | Noticed Sigmund
  2812 | D:3      | Reached XP level 5. HP: 14/30 MP: 5/9
  2976 | D:3      | Reached skill level 1 in Fighting
  3228 | D:4      | Killed Sigmund
  3229 | D:4      | Reached skill level 5 in Earth Magic
  3229 | D:4      | Reached XP level 6. HP: 36/37 MP: 3/11
  3319 | D:4      | Noticed Robin
  3351 | D:4      | Killed Robin
  3670 | D:4      | Reached XP level 7. HP: 12/42 MP: 12/12
  3785 | D:4      | Reached skill level 1 in Armour
  3973 | D:4      | Noticed Menkaure
  4000 | D:4      | Killed Menkaure
  4076 | D:4      | Found a runed translucent door.
  4077 | D:4      | Noticed Crazy Yiuf
  4085 | D:4      | Killed Crazy Yiuf
  4242 | D:4      | Found a staircase to the Ecumenical Temple.
  4246 | Temple   | Entered the Ecumenical Temple
  4459 | D:4      | Noticed Natasha
  4465 | D:4      | Killed Natasha
  4793 | D:4      | Noticed Natasha
  4825 | D:4      | Killed Natasha
  4883 | D:4      | Noticed Natasha
  4889 | D:4      | Killed Natasha
  4920 | D:5      | Entered Level 5 of the Dungeon
  4926 | D:5      | Found a glowing drain.
  4943 | Sewer    | Entered a sewer
  5064 | Sewer    | Learned a level 2 spell: Passwall
  5068 | Sewer    | Learned a level 3 spell: Stone Arrow
  5073 | Sewer    | Learned a level 4 spell: Petrify
  5169 | Sewer    | Reached skill level 1 in Transmutations
  5217 | Sewer    | Reached XP level 8. HP: 34/49 MP: 6/14
  5415 | D:5      | Reached skill level 6 in Earth Magic
  5477 | D:5      | Found Milem's Antique Armour Emporium.
  5777 | D:5      | Bought an ichor-stained robe for 153 gold pieces
  5777 | D:5      | Identified the +1 robe of Understanding {Regen+} (You
                  | bought it in a shop on level 5 of the Dungeon)
  5825 | D:5      | Reached skill level 1 in Conjurations
  5919 | D:5      | Reached skill level 5 in Spellcasting
  6421 | D:5      | Reached XP level 9. HP: 56/56 MP: 16/16
  6539 | D:6      | Reached skill level 5 in Long Blades
  6585 | D:6      | Found Mepuveej's Distillery.
  6629 | D:6      | Bought a potion of berserk rage for 65 gold pieces
  6629 | D:6      | Bought a potion of heal wounds for 65 gold pieces
  6629 | D:6      | Bought a potion of cancellation for 104 gold pieces
  6629 | D:6      | Bought a potion of flight for 39 gold pieces
  6629 | D:6      | Bought a potion of heal wounds for 65 gold pieces
  7591 | D:7      | Noticed a two-headed ogre
  7607 | D:7      | Killed a two-headed ogre
  7608 | D:7      | Reached skill level 7 in Earth Magic
  7625 | D:7      | Reached XP level 10. HP: 32/63 MP: 16/18
  7694 | D:7      | Reached skill level 5 in Fighting
  7786 | D:7      | Noticed a white ugly thing
  7893 | D:7      | Noticed a four-headed hydra
  8176 | D:7      | Found Batikk's Fire Supplies.
  8200 | D:7      | Bought the Collected Works on Flames for 576 gold pieces
  8221 | D:7      | Learned a level 2 spell: Blink
  8227 | D:7      | Learned a level 5 spell: Fireball
  8285 | D:7      | Found a bloodstained altar of Trog.
  8415 | D:7      | Noticed a gargoyle
  8420 | D:7      | Killed a gargoyle
  8488 | D:7      | Bought a staff of fire for 300 gold pieces
  8618 | D:7      | Killed a four-headed hydra
  8619 | D:7      | Reached skill level 1 in Fire Magic
  9471 | D:8      | Noticed Maggie
  9494 | D:8      | Killed Maggie
  9495 | D:8      | Reached skill level 1 in Staves
  9495 | D:8      | Reached skill level 8 in Earth Magic
  9646 | D:8      | Reached skill level 1 in Translocations
 10388 | D:9      | Reached XP level 11. HP: 70/70 MP: 4/20
 10489 | D:9      | Found a staircase to the Lair.
 10965 | D:9      | Found a staircase to the Orcish Mines.
 11173 | D:9      | Reached skill level 9 in Earth Magic
 11508 | D:9      | Noticed a cyclops
 11531 | D:9      | Killed a cyclops
 11917 | D:9      | Identified the +1 robe of the Salmon {Regen+ Str-3 Int+7}
 12028 | D:10     | Entered Level 10 of the Dungeon
 12457 | D:10     | Found a glowing golden altar of the Shining One.
 12462 | D:10     | Found a radiant altar of Vehumet.
 12478 | D:10     | Found a hide-covered altar of Uskayaw.
 12481 | D:10     | Found a shadowy altar of Dithmenos.
 12607 | D:10     | Noticed Joseph
 12616 | D:10     | Killed Joseph
 12617 | D:10     | Reached skill level 5 in Conjurations
 12866 | Lair:1   | Entered Level 1 of the Lair of Beasts
 13116 | Lair:1   | Noticed a wolf spider
 13116 | Lair:1   | Noticed a wolf spider
 13154 | Lair:1   | Killed a wolf spider
 13158 | Lair:1   | Killed a wolf spider
 13525 | Lair:1   | Reached XP level 12. HP: 74/74 MP: 2/24
 13644 | Lair:1   | Reached skill level 10 in Earth Magic
 13878 | D:9      | Bought the ring "Ydizodoos" {Wiz rF- Str+7} for 715 gold
                  | pieces
 15518 | Lair:1   | Learned a level 3 spell: Ignite Poison
 15522 | Lair:1   | Learned a level 3 spell: Mephitic Cloud
 15526 | Lair:1   | Learned a level 3 spell: Vampiric Draining
 15788 | Lair:2   | Noticed a death yak
 15788 | Lair:2   | Noticed a death yak
 15789 | Lair:2   | Noticed a death yak
 15817 | Lair:2   | Killed a death yak
 15945 | Lair:1   | Killed a death yak
 15946 | Lair:1   | Reached skill level 11 in Earth Magic
 16099 | Lair:2   | Killed a death yak
 16100 | Lair:2   | Reached skill level 5 in Staves
 16652 | Lair:2   | Noticed a catoblepas
 16687 | Lair:2   | Killed a catoblepas
 16827 | Lair:2   | Reached XP level 13. HP: 80/80 MP: 13/26
 17003 | Lair:2   | Reached skill level 5 in Transmutations
 17884 | Lair:2   | Reached skill level 12 in Earth Magic
 18315 | Lair:2   | Reached skill level 10 in Spellcasting
 18315 | Lair:2   | Reached skill level 5 in Fire Magic
 19448 | D:9      | Bought a pair of glowing boots for 195 gold pieces
 19448 | D:9      | Bought a pair of embroidered gloves for 195 gold pieces
 20092 | Lair:3   | Found a staircase to the Swamp.
 21075 | Lair:4   | Found a hole to the Spider Nest.
 21111 | Lair:3   | HP: 1/80 [meliai/divine providence (12)]
 21112 | Lair:3   | Killed from afar by a meliai

Illustrated notes

Levels and vault maps discovered:
D:1:      matt_arrival_los_fun, layout_loops_ring, shapermc_ecumenical_altar_gd,
          minivault_11
D:2:      wander_river, layout_rooms, serial_park_tiny_2, grunt_decor_cap,
          minmay_tripent
D:3:      minmay_recursive_quarters, layout_basic,
          mainiacjoe_overflow_six_doors_small
D:4:      layout_cave_pools, minmay_temple_entry_glassed_door,
          kennysheep_generic_room_9, uniq_crazy_yiuf_cottage, uniq_menkaure,
          uniq_natasha, uniq_sigmund, uniq_robin
D:5:      minmay_skewed_foursquare, layout_loops_ring,
          cheibrodos_sewer_entry_drain, serial_shops, shop
D:6:      layout_cave_pools, serial_shops, shop
D:7:      minmay_the_grid_four_pointed_star
          [minmay_the_grid_triangle_9x9_warning,
          minmay_the_grid_triangle_9x9_sprig,
          minmay_the_grid_triangle_9x9_zippers_horizontal,
          minmay_the_grid_triangle_9x9_wacky_v, minmay_the_grid_prize_big_room],
          layout_loops_ring, mainiacjoe_overflow_paths, grunt_decor_arrowhead,
          nicolae_shop_fire_sale [nicolae_sub_dead_trees],
          kennysheep_generic_room_15
D:8:      layout_loops_ring, uniq_maggie
D:9:      layout_irregular_city, minmay_lair_entry_grove, zombieorc2_lemuel
D:10:     layout_rooms, grunt_temple_overflow_cloverleaf, uniq_joseph
Temple:   eino_temple_scatter_basement
Lair:1:   lemuel_reptile_caves, layout_small_grid,
          portal_ice_cave_entry_ice_simulacra, nicolae_lair_run_with_the_wolves
Lair:2:   layout_big_grid, enter_volcano_2, chequers_serial_rivers_micro_c,
          nicolae_lair_grazing_beasts [nicolae_sub_lair_graze_edge,
          nicolae_sub_lair_graze_edge, nicolae_sub_lair_graze_edge,
          nicolae_sub_lair_graze_edge], grunt_megastairs_4
Lair:3:   layout_regular_city, skrybe_swamp_entry_bodies, lemuel_fruit_tree,
          infiniplex_staircase_pool_2
Lair:4:   minmay_lair_oklob_chamber, layout_loops_ring,
          hellmonk_spider_entry_not_the_bees, hellmonk_ghost_happy_afterlife,
          mumra_transporter_accident, serial_bayou_shore_a, grunt_megastairs_5

Skill      XL: |  1  2  3  4  5  6  7  8  9 10 11 12 13 |
---------------+----------------------------------------+-----
Earth Magic    | 4 5 6 7 8 9 11 12 | 12.6
Dodging        | 2 3 |  3.7
Long Blades    | 1 2 3 4 6 7 |  7.1
Spellcasting   | 3 4 5 6 8 9 10 | 10.5
Fighting       | 1 2 3 4 5 |  5.4
Stealth        | 3 |  3.6
Armour         | 1 2 3 4 |  4.1
Transmutations | 1 2 3 4 5 |  5.4
Conjurations   | 1 3 4 5 7 8 |  8.7
Fire Magic     | 2 3 4 5 |  5.3
Staves         | 2 4 5 |  5.9
Translocations | 1 2 3 4 |  4.7
Evocations     | |  0.3

Action                   |  1- 3 |  4- 6 |  7- 9 | 10-12 | 13-15 || total
-------------------------+-------+-------+-------+-------+-------++-------
Melee: Unarmed           |    14 |       |       |       |       ||    14
       Long sword        |    32 |   112 |   286 |    57 |       ||   487
       Punch             |       |     3 |     3 |     9 |     2 ||    17
       Staff             |       |       |       |   406 |    24 ||   430
 Cast: Sandblast         |    40 |    23 |    60 |   167 |    43 ||   333
       Stone Arrow       |       |       |       |   208 |   164 ||   372
       Fireball          |       |       |       |     1 |       ||     1
       Blink             |       |       |       |       |     1 ||     1
Invok: Call Merchant     |       |       |       |     1 |     1 ||     2
  Use: Scroll            |     7 |     3 |     9 |     6 |     1 ||    26
       Potion            |     1 |       |     3 |     2 |     2 ||     8
 Stab: Sleeping          |     1 |     1 |       |     1 |       ||     3
       Distracted        |       |       |     3 |     5 |       ||     8
Armor: Robe              |    29 |    49 |   145 |   312 |   110 ||   645
       Leather armour    |       |     6 |    30 |       |       ||    36
Dodge: Dodged            |    26 |    86 |   215 |   417 |   138 ||   882
